AoeStats
← 雾海上的漫游者

Arena

506054423Analyzed
1v1 RM · 21d ago on Sep 12, 2026· 42m 48s· 2 players
Game mode
Random Map
Map size
Tiny (2 player)
Population
200
Speed
Normal
Resources
Standard
Victory
Conquest
Starting age
Dark Age
Ending age
Imperial Age
RankedLock teamsTeams togetherTeam positionsShared explorationLock speedFull tech treeHidden civsTurbo modeCheats
Victory
Defeat
🇨🇳 Turks · China
977
+16
🇲🇽 Chinese · Mexico
983
-16
雾海上的漫游者
10:36 Feudal Age
12:43 Double-Bit Axe
16:04 Castle Age
13:56 Double-Bit Axe
14:02 Horse Collar
15:06 Stone Mining
15:09 Gold Mining
17:36 Loom
21:12 Wheelbarrow
25:31 Fletching
27:09 Heavy Plow
27:29 Bow Saw
28:32 Hand Cart
29:47 Bodkin Arrow
34:13 Imperial Age
34:30 Gold Shaft Mining
33:54 Town Watch
33:53 Treadmill Crane
35:11 Capped Ram
35:21 Capped Ram
36:26 Bracer
36:48 Guilds
37:04 Bombard Tower
37:28 Conscription
38:46 Two-Man Saw
38:18 Bloodlines
38:10 Husbandry
38:43 Artillery
39:41 Scale Barding Armor
39:40 Padded Archer Armor
39:52 Forging
41:45 Hoardings
41:38 Chain Barding Armor
41:54 Iron Casting
41:21 Cavalier
42:12 Sappers
El Danto
11:04 Feudal Age
11:50 Feudal Age
15:37 Castle Age
13:31 Double-Bit Axe
13:41 Horse Collar
15:19 Forging
17:04 Squires
18:56 Scale Mail Armor
23:31 Gold Mining
24:38 Fletching
26:05 Bodkin Arrow
30:20 Gold Shaft Mining
32:29 Wheelbarrow
31:41 Loom
33:25 Heavy Plow
37:36 Imperial Age
35:55 Bow Saw
37:03 Ballistics
37:16 Padded Archer Armor
37:53 Iron Casting
37:34 Chain Mail Armor
39:18 Arson
38:54 Elite Fire Lancer
41:29 Blast Furnace
40:59 Plate Mail Armor
43:52 Two-Man Saw
Connection lost

Rejoining the realm…

Still unreachable

The connection could not be restored.

Session expired

The server has moved on; the page needs a fresh start.